 Dungeon Crawl Stone Soup version 0.26.0-16-gc1dbca0489 (webtiles) character file.

Game seed: 14044324813379211825

56 EnegeticOcto the Vexing (level 3, -2/18 HPs)
             Began as a Vine Stalker Arcane Marksman on Jan 19, 2021.
             Slain by an adder (3 damage)
             ... on level 1 of the Dungeon.
             The game lasted 00:03:14 (1496 turns).

EnegeticOcto the Vexing (VSAM)                      Turns: 1496, Time: 00:03:14

Health: -2/18      AC:  7    Str: 13    XL:     3   Next: 97%
Magic:  0/5        EV:  4    Int: 13    God:
Gold:   66         SH: 11    Dex: 14    Spells: 3/4 levels left

rFire    . . .     SeeInvis .   a - +0 hand crossbow
rCold    . . .     Faith    .   j - +0 tower shield
rNeg     . . .     Spirit   +   n - +0 scale mail
rPois    .         Reflect  .   (no helmet)
rElec    .         Harm     .   (no cloak)
rCorr    .         Rampage  .   (no gloves)
Will     .....                  m - +0 pair of boots
Stlth    ..........             (no amulet)
HPRegen  0.06/turn              (no ring)
MPRegen  0.09/turn              (no ring)

@: no status effects
A: fangs 2, magic shield, antimagic bite, no potion heal 3
a: no special abilities


You were on level 1 of the Dungeon.
You visited 1 branch of the dungeon, and saw 2 of its levels.

You collected 66 gold pieces.

Inventory:

Hand Weapons
 a - a +0 hand crossbow (weapon)
 c - a +0 short sword
   (You took it off a kobold on level 1 of the Dungeon)
Missiles
 d - 44 bolts (quivered ammo)
Armour
 e - a +0 robe
 j - a +0 tower shield (worn)
   (You found it on level 1 of the Dungeon)
 m - a +0 pair of boots (worn)
   (You found it on level 1 of the Dungeon)
 n - a +0 scale mail (worn)
   (You found it on level 2 of the Dungeon)
Scrolls
 b - 2 scrolls of blinking {unknown}
 g - a scroll of fear {unknown}
 h - a scroll of identify {unknown}
 l - a scroll of remove curse {unknown}
 o - a scroll of amnesia {unknown}
Potions
 i - a potion of magic {unknown}
 k - a potion of resistance {unknown}
 p - 2 potions of cancellation {unknown}


   Skills:
 - Level 2.0 Fighting
 + Level 3.0 Crossbows
 - Level 1.5 Dodging
 + Level 0.7 Shields
 - Level 1.1 Spellcasting
 - Level 3.0 Hexes


You had 3 spell levels left.
You knew the following spells:

 Your Spells              Type           Power        Failure   Level
a - Corona                Hex            8%           100%        1

Your spell library contained the following spells:

 Spells                   Type           Power        Failure   Level
 Slow                     Hex            8%           100%        2
 Inner Flame              Hex/Fire       4%           100%        3
 Portal Projectile        Hex/Tloc       8%           100%        3
 Cause Fear               Hex            4%           100%        4
 Leda's Liquefaction      Hex/Erth       2%           100%        4


Dungeon Overview and Level Annotations

Branches:
Dungeon (2/15)

Altars:


Innate Abilities, Weirdness & Mutations

You have extremely sharp teeth.
When hurt, damage is shared between your health and your magic reserves.
Your bite disrupts and absorbs the magic of your enemies.
Potions cannot restore your health.


Message History

You shoot a bolt. The bolt closely misses the quokka.
The quokka bites you.
The quokka bites you but does no damage.
You shoot a bolt. The bolt hits the quokka!
You kill the quokka!
Your Crossbows skill increases to level 3!
No target in view!
d - 44 bolts (gained 1)
A frilled lizard comes into view.
The frilled lizard hisses angrily.
A hobgoblin comes into view.
The frilled lizard moves out of view.
A hobgoblin is nearby!
You shoot a bolt. The bolt barely misses the hobgoblin.
The hobgoblin shouts!
A giant cockroach comes into view.
You shoot a bolt. The bolt hits the hobgoblin!
You kill the hobgoblin!
You shoot a bolt.
The bolt closely misses the giant cockroach.
The bolt misses the frilled lizard.
You block the giant cockroach's attack.
You shoot a bolt. The bolt hits the giant cockroach!
You kill the giant cockroach!
You shoot a bolt. The bolt misses the frilled lizard.
You block the frilled lizard's attack. The frilled lizard barely misses you.
You shoot a bolt.
The bolt closely misses the frilled lizard.
The frilled lizard bites you but does no damage. x2
You shoot a bolt.
The bolt closely misses the frilled lizard.
The frilled lizard bites you.
You shoot a bolt. The bolt hits the frilled lizard!
You kill the frilled lizard!
No target in view!
d - 37 bolts (gained 1)
Things that are here:
a frilled lizard corpse; a giant cockroach corpse A rat comes into view.
Found a scroll labelled NYNLYH EZXIAT.
You see here 9 bolts.
A rat is nearby!
You shoot a bolt. The bolt hits the rat.
You kill the rat!
No target in view!
d - 45 bolts (gained 9)
d - 46 bolts (gained 1);
o - a scroll labelled CEENEL HATS You now have 51 gold pieces (gained 24).
You see here an uncursed ring of protection from cold.
d - 47 bolts (gained 1)
d - 48 bolts (gained 1)
You now have 66 gold pieces (gained 15).
b - 2 scrolls labelled NYNLYH EZXIAT (gained 1)
p - 2 blue potions A quokka and 2 gnolls come into view.
The gnoll shouts! x2
A gnoll comes into view. It is wielding a +0 spear.
The quokka moves out of view.
Found 17 gold pieces.
You see here 4 gold pieces.
There are monsters nearby!
The quokka twitches its whiskers.
The quokka bites you.
You shoot a bolt. The bolt hits the quokka.
The quokka is almost dead.
You block the quokka's attack. x2
You shoot a bolt. The bolt barely misses the quokka.
The bolt hits the gnoll.
The gnoll is lightly wounded.
The quokka bites you but does no damage.
You block the gnoll's attack.
The quokka bites you but does no damage.
You shoot a bolt. The bolt hits the quokka!
You kill the quokka!
The gnoll hits you from afar with a +0 halberd.
You block the gnoll's attack.
You shoot a bolt. The bolt hits the gnoll.
The gnoll is moderately wounded.
The gnoll hits you from afar with a +0 halberd!
The gnoll hits you but does no damage.
Things that are here:
a frilled lizard corpse; a giant cockroach corpse You see here 24 stones.
An adder comes into view.
The adder hisses angrily.
You block the adder's attack. The adder bites you but does no damage.
You block the adder's attack.
You see here a quokka corpse.
You block the adder's attack.
Found an escape hatch in the ceiling.
The adder bites you but does no damage.
There is an escape hatch in the ceiling here.
Really go through this one-way escape hatch?
You block the adder's attack.
The gnoll hits you from afar with a +0 halberd!
Ouch! That really hurt!
* * * LOW HITPOINT WARNING * * *
A mysterious force pulls you upwards. The hatch slams shut behind you.
As you read the scroll labelled GISIUD FIYTAJI, it crumbles to dust.
You feel momentarily disoriented.
It was a scroll of magic mapping.
You block the adder's attack. The adder bites you.
You die...

#..###.# ##...## ##.....# #..#
#.###.....## ##...#.>#
##.###.##.......## ##....##.#
#####......#.........###.....##..
#..........'.........'...........
#.###....###.........###....##...
#.##.....# ##.......## ##...#...#
#.##.##.## ##.S...## ##......#
#.##.##.# ##.@.## #......#
#.##)##.# ##'## #.######
....>...# #####.## #.# .###.#.##
#......# #.# .# #.#.# #.###(.#
#.# .# #.#.#####.##...## #.# .#
#......##.#.....#######.# .#
###.##.##.##............# .#
#.##)##.##...##########


You could see an adder.

Vanquished Creatures
  3 dart slugs (D:1)
  5 bats
  2 giant cockroaches
  4 goblins
  4 hobgoblins
  2 jackals (D:2)
  5 kobolds
  5 quokkas (D:2)
  2 ball pythons
  3 frilled lizards
  13 rats
48 creatures vanquished.

Notes
Turn   | Place    | Note
-------+----------+-------------------------------------------
     0 | D:1      | EnegeticOcto the Vine Stalker Arcane Marksman began the
                  | quest for the Orb.
     0 | D:1      | Reached XP level 1. HP: 9/9 MP: 3/3
    43 | D:1      | Reached skill level 1 in Fighting
   135 | D:1      | Reached skill level 2 in Crossbows
   179 | D:1      | Reached XP level 2. HP: 10/14 MP: 2/4
   606 | D:1      | Reached XP level 3. HP: 18/18 MP: 5/5
   855 | D:1      | Reached skill level 2 in Fighting
  1388 | D:2      | Reached skill level 3 in Crossbows
  1496 | D:1      | Slain by an adder

Illustrated notes

Levels and vault maps discovered:
D:1:      dpeg_arrival_orchard, layout_loops_corners, minivault_4
D:2:      layout_loops_ring, minmay_tetromino_o2

Skill      XL: |  1  2  3 |
---------------+----------+-----
Fighting       | 1 2 |  2.0
Crossbows      | 2 3 |  3.0
Dodging        | |  1.5
Shields        | |  0.7
Spellcasting   | |  1.1
Hexes          | |  3.0

Action                   || total
-------------------------++-------
Melee: Unarmed           ||    15
       Bite              ||     2
 Fire: Hand crossbow     ||    85
  Use: Scroll            ||     1
Armor: Robe              ||    24
       Scale mail        ||    15
Dodge: Dodged            ||    29
Block: Tower shield      ||    29
